 Dungeon Crawl Stone Soup version 0.31.0-11-ge490571c62 (webtiles) character file.

Game seed: 3663242227284947722

7188 Bobbunny the Fighter (level 11, -5/89 (92) HPs)
             Began as a Formicid Fighter on Jan 27, 2024.
             Was an Elder of Okawaru.
             Killed from afar by a steam dragon (15 damage)
             ... with a ball of steam
             ... on level 9 of the Dungeon.
             The game lasted 00:13:43 (10187 turns).

Bobbunny the Fighter (Formicid Fighter)            Turns: 10187, Time: 00:13:44

HP:   -5/89 (92)    AC: 10    Str: 21    XL:     11   Next: 32%
MP:   14/14         EV: 10    Int:  8    God:    Okawaru [****..]
Gold: 609           SH:  6    Dex: 13    Spells: 10/10 levels left

rFire   . . .        e - +0 battleaxe
rCold   . . .        c - +0 buckler
rNeg    . . .        w - +1 ring mail {Will+}
rPois   +            (helmet unavailable)
rElec   +            (no cloak)
rCorr   +            f - +2 pair of gloves
SInv    +            (no boots)
Will    ++...        (no amulet)
Stlth   ++           u - ring "Pal Loz" {rElec rPois rCorr Str-4 SInv}
HPRegen 0.34/turn    F - ring of flight
MPRegen 0.14/turn

%: no passive effects
@: flying, studying Shields, lightly drained
A: permanent stasis, dig shafts and tunnels, antennae 3, four strong arms
a: Dig, Shaft Self, Renounce Religion, Heroism, Finesse


You were on level 9 of the Dungeon.
You worshipped Okawaru.
Okawaru was greatly pleased with you.
You visited 1 branch of the dungeon, and saw 9 of its levels.
You also visited: Bailey.

You collected 973 gold pieces.
You spent 364 gold pieces at shops.

Inventory:

Hand Weapons
 a - a +0 war axe
 e - a +0 battleaxe (weapon)
 G - a +1 broad axe
Missiles
 i - 5 darts of dispersal
 B - 2 atropa-tipped darts
 D - 21 boomerangs (quivered)
Armour
 c - a +0 buckler (worn)
 f - a +2 pair of gloves (worn)
 w - a +1 ring mail of willpower (worn)
 E - the +3 leather armour "Ystrea Mity" {Dex+4 Stlth+}
   (You found it in a bailey)

   Dex+4:     It affects your dexterity (+4).
   Stlth+:    It makes you more stealthy.
Jewellery
 u - the ring "Pal Loz" (left hand) {rElec rPois rCorr Str-4 SInv}
   (You found it on level 3 of the Dungeon)

   [ring of see invisible]

   Str-4:     It affects your strength (-4).
   rElec:     It insulates you from electricity.
   rPois:     It protects you from poison SInv: It lets you see invisible.
   rCorr:     It protects you from acid and corrosion.
 v - a ring of willpower
 F - a ring of flight (right hand)
 K - a ring of protection from fire
Talismans
 q - a talisman of death
Wands
 b - a wand of iceblast (16)
 t - a wand of mindburst (22)
 C - a wand of digging (4)
 H - a wand of flame (34)
Scrolls
 g - a scroll of amnesia
 h - 4 scrolls of revelation {unknown}
 j - a scroll of immolation {unknown}
 k - 2 scrolls of fog {unknown}
 m - 3 scrolls of enchant weapon
 o - a scroll of enchant armour
 y - a scroll of fear {unknown}
 A - a scroll of blinking {unknown}
 L - a scroll of identify
Potions
 d - 3 potions of might
 l - a potion of resistance {unknown}
 n - 5 potions of curing
 p - 5 potions of mutation {unknown}
 s - 2 potions of cancellation
 x - 3 potions of heal wounds {unknown}
 z - 6 potions of enlightenment
 I - a potion of lignification
 J - a potion of magic


   Skills:
 + Level 10.4 Fighting
 + Level 9.1 Axes
 - Level 6.0 Throwing
 - Level 6.0 Armour
 - Level 3.0 Stealth
 - Level 10.0 Shields
 - Level 5.0 Invocations
 + Level 3.5 Evocations


You had 10 spell levels left.
You didn't know any spells.
Your spell library contained the following spells:

 Spells                   Type           Power      Damage    Failure   Level
 Apportation              Tloc           0%         N/A       61%         1
 Jinxbite                 Hex            0%         N/A       75%         2
 Sublimation of Blood     Necr           0%         N/A       75%         2
 Stone Arrow              Conj/Erth      0%         3d7       93%         3
 Petrify                  Alch/Erth      0%         N/A       100%        4
 Alistair's Intoxication  Alch           0%         N/A       100%        5
 Irradiate                Conj/Alch      0%         3d11      100%        5
 Lehudib's Crystal Spear  Conj/Erth      0%         10d2      100%        8
 Summon Ice Beast         Ice/Summ       Unusable   N/A       N/A         3
 Animate Armour           Summ/Erth      Unusable   N/A       N/A         4
 Summon Mana Viper        Hex/Summ       Unusable   N/A       N/A         5
 Monstrous Menagerie      Summ           Unusable   N/A       N/A         7

Dungeon Overview and Level Annotations

Branches:
Dungeon (9/15)             Temple (0/1) D:6            Lair (0/5) D:8
 Bailey (visited)
    Orc: D:9-12

Altars:
Okawaru
Ru
Sif Muna
Vehumet
Wu Jian
Zin
The Shining One

Shops:
D:2 (   D:8 !

Annotations:
D:6 2 transporters
D:7 3 runed translucent doors, draino's ghost, novice DgSh


Innate Abilities, Weirdness & Mutations

You cannot be hasted, slowed, berserked, paralysed or teleported.
You can dig through walls and to a lower floor.
You have a pair of large antennae on your head. (SInv)
Your four strong arms can wield two-handed weapons with a shield.


Message History

You completely miss the steam dragon. The steam dragon bites you.
You block the steam dragon's attack.
A two-headed ogre comes into view.
It is wielding a +0 giant club and a +0 giant spiked club.
You closely miss the steam dragon. The steam dragon breathes steam at you.
The ball of steam hits you! The steam dragon bites you.
* * * LOW HITPOINT WARNING * * *
You block the steam dragon's attack.
Throw: 3 darts (atropa)
Press: ? - help, Shift-Dir - straight line, f - steam dragon
Aim: a steam dragon (steam, catching its breath, 64% to hit, chance to blind on hit: 80%)
You throw an atropa-tipped dart.
The atropa-tipped dart hits the steam dragon.
The steam dragon appears confused.
You are engulfed in a cloud of scalding steam.
* * * LOW HITPOINT WARNING * * *
Unknown command.
The steam dragon seems less confused.
The steam dragon hisses angrily.
There is an open door here.
The steam dragon is no longer blind.
Throw: 2 darts (atropa)
Press: ? - help, Shift-Dir - straight line, f/p - steam dragon
Aim: a steam dragon (64% to hit, chance to blind on hit: 80%)
Okay, then.
Okay, then.
Read: scroll of poison
Press: ? - help, Dir - look around, f - activate The air fills with toxic fumes!
As you read the scroll of poison, it crumbles to dust.
The steam dragon breathes steam at you. The ball of steam hits you!!
* * * LOW HITPOINT WARNING * * *
You feel better.
The two-headed ogre is engulfed in a cloud of scalding steam.
The steam dragon is engulfed in poison gas.
The steam dragon is poisoned.
The steam dragon breathes steam at you. The ball of steam hits you!
You die...

..# #..# ##.....####..#..#
..# #..####.[.####..#..#..#
..# #...#...###'..#..#..#.#
..#####.....###..####..#..#.#
..........###.#§## ##..#..##
........###...#§§# ####..#
...#.####...#.##§# ##..
...#.##...###..#§# ###
...#.####...##.#@# ## ...#.#
###.#..#§# #..# ...#.#
###§§§D# ###..# ...#.#
###§O#####()# .....#
###'##.O### ...#.# { {
##..### ...#.# #### .....# {
.....#


You could see a two-headed ogre (poisoned) and a steam dragon (poisoned,
catching breath).

Vanquished Creatures
  Pikel (D:7)
  An orc knight (Bailey)
  A rime drake (D:8)
  A hornet (D:9)
  A polar bear (D:8)
  9 yaks
  3 water moccasins
  2 black bears
  8 orc warriors
  5 ice beasts
  3 ogres
  2 wolves (D:7)
  3 centaurs
  2 lemures (D:7)
  A kobold brigand (D:5)
  3 phantoms
  A gnoll sergeant (D:6)
  4 bullfrogs
  2 scorpions
  A wight (D:9)
  4 howler monkeys
  4 bombardier beetles
  3 hounds
  2 orc priests
  A jelly (D:6)
  Jessica (D:3)
  7 iguanas
  A sleepcap (D:5)
  Ijyb (D:4)
  2 orc wizards
  10 gnolls
  8 adders
  2 shadow imps
  A white imp (D:7)
  2 ufetubi (D:7)
  3 ribbon worms
  A dart slug (D:4)
  30 orcs
  8 ball pythons
  13 endoplasms
  2 giant cockroaches
  11 goblins
  14 hobgoblins
  A jackal (D:4)
  24 kobolds
  5 quokkas
  8 bats
  6 frilled lizards
  12 rats
241 creatures vanquished.

Notes
Turn   | Place    | Note
-------+----------+-------------------------------------------
     0 | D:1      | Bobbunny the Formicid Fighter began the quest for the Orb.
     0 | D:1      | Reached XP level 1. HP: 18/18 MP: 1/1
   157 | D:1      | Reached skill level 1 in Stealth
   157 | D:1      | Reached XP level 2. HP: 24/24 MP: 2/2
   323 | D:1      | Reached XP level 3. HP: 29/30 MP: 3/3
   835 | D:2      | Reached XP level 4. HP: 31/37 MP: 4/4
  1057 | D:2      | Found Pojejon's Weapon Boutique.
  1302 | D:2      | Identified the +1 helmet of the Abyss {rC+ Str+4 Slay-5}
  1650 | D:2      | Reached XP level 5. HP: 43/43 MP: 5/5
  2108 | D:3      | Noticed Jessica
  2126 | D:3      | Killed Jessica
  2127 | D:3      | Reached skill level 5 in Fighting
  2127 | D:3      | Reached XP level 6. HP: 16/51 MP: 6/6
  2340 | D:3      | Found a glowing golden altar of the Shining One.
  2494 | D:3      | Identified the ring "Pal Loz" {rElec rPois rCorr Str-4
                  | SInv}
  2959 | D:4      | Reached skill level 1 in Throwing
  2959 | D:4      | Noticed Ijyb
  2976 | D:4      | Killed Ijyb
  3327 | D:4      | Noticed an ogre
  3350 | D:4      | Killed an ogre
  3351 | D:4      | Reached XP level 7. HP: 57/57 MP: 7/7
  3680 | D:5      | Entered Level 5 of the Dungeon
  3758 | D:5      | Reached skill level 5 in Axes
  3892 | D:5      | Found a glowing silver altar of Zin.
  4116 | D:5      | Reached XP level 8. HP: 54/65 MP: 8/8
  5189 | D:6      | Found a transporter.
  5388 | D:6      | Reached XP level 9. HP: 59/72 MP: 9/9
  5468 | D:6      | Found an iron altar of Okawaru.
  5477 | D:6      | Became a worshipper of Warmaster Okawaru
  5493 | D:6      | Reached skill level 5 in Throwing
  5546 | D:6      | Found an ornate altar of the Wu Jian Council.
  5546 | D:6      | Found a faded altar of an unknown god.
  5554 | D:6      | Found a radiant altar of Vehumet.
  5556 | D:6      | Found a shimmering blue altar of Sif Muna.
  5558 | D:6      | Found a faded altar of an unknown god.
  5609 | D:6      | Found a sacrificial altar of Ru.
  5609 | D:6      | Found a transporter.
  5886 | D:6      | Found a staircase to the Ecumenical Temple.
  6370 | D:7      | Found a runed translucent gate.
  6370 | D:7      | Found a runed translucent gate.
  6371 | D:7      | Found a runed translucent gate.
  6371 | D:7      | Identified the +1 plate armour "Ucuecw" {rPois rC+}
  6372 | D:7      | Noticed draino's ghost (novice DgSh)
  6390 | D:7      | Found a flagged portal.
  6586 | D:6      | Reached * piety under Okawaru
  6629 | Bailey   | Entered a bailey
  6638 | Bailey   | Noticed an orc knight
  6694 | Bailey   | Reached skill level 1 in Invocations
  6912 | Bailey   | Killed an orc knight
  6913 | Bailey   | Reached skill level 5 in Shields
  6913 | Bailey   | Reached XP level 10. HP: 74/83 MP: 9/11
  6924 | Bailey   | Reached ** piety under Okawaru
  7180 | Bailey   | Identified the +3 leather armour "Ystrea Mity" {Dex+4
                  | Stlth+}
  8162 | D:8      | Noticed Pikel
  8289 | D:7      | Killed Pikel
  8290 | D:7      | Reached skill level 5 in Armour
  8303 | D:7      | Reached *** piety under Okawaru
  8358 | D:8      | Noticed a rime drake
  8362 | D:8      | Killed a rime drake
  8366 | D:8      | Found a staircase to the Lair.
  8941 | D:8      | Reached skill level 5 in Invocations
  8941 | D:8      | Reached skill level 1 in Evocations
  8962 | D:8      | Found Acioton's Distillery.
  8968 | D:8      | Bought a potion of cancellation for 104 gold pieces
  8968 | D:8      | Bought a potion of lignification for 39 gold pieces
  8968 | D:8      | Bought a potion of magic for 104 gold pieces
  8968 | D:8      | Bought a potion of curing for 39 gold pieces
  8968 | D:8      | Bought a potion of curing for 39 gold pieces
  8968 | D:8      | Bought a potion of curing for 39 gold pieces
  9420 | D:9      | Reached XP level 11. HP: 72/90 MP: 14/14
  9547 | D:9      | Reached **** piety under Okawaru
  9548 | D:9      | Reached skill level 10 in Fighting
 10050 | D:9      | Reached skill level 10 in Shields
 10175 | D:9      | Noticed a two-headed ogre
 10183 | D:9      | HP: 2/89 [steam dragon/ball of steam (23)]
 10187 | D:9      | Killed from afar by a steam dragon

Illustrated notes

Levels and vault maps discovered:
D:1:      minmay_arrival_semitransparent, layout_basic
D:2:      layout_loops_corners, serial_shops, nicolae_shop_tiny_glass
D:3:      layout_loops_ring, tso_oasis_becter, kennysheep_generic_room_5,
          uniq_jessica
D:4:      layout_cave_pools, minmay_fractal_squares_gapless_5, uniq_ijyb
D:5:      layout_gridville, amcnicky_altar_gilded, minmay_circle_x
D:6:      layout_rooms, gammafunk_temple_overflow_arena, kennysheep_mini,
          chequers_temple_overflow_minitemple, minmay_temple_entry_hall
D:7:      layout_rooms, enter_bailey_5, biasface_ghost_orc_armoury
D:8:      layout_basic, hellmonk_lair_entry_icy, serial_glass, glass_columns_a,
          glass_columns_a, glass_columns_c, glass_columns_b, glass_columns_a,
          glass_columns_c, serial_shops, nicolae_shop_industrial_runoff,
          uniq_pikel
D:9:      minmay_the_grid_triangle_9x9_rhombus_full
          [minmay_the_grid_triangle_9x9_corrupted_corridor,
          minmay_the_grid_triangle_9x9_wacky_v,
          minmay_the_grid_triangle_9x9_odd_lines,
          minmay_the_grid_triangle_9x9_thin_v,
          minmay_the_grid_triangle_9x9_empty,
          minmay_the_grid_triangle_9x9_descending_squares,
          minmay_the_grid_triangle_9x9_dagger,
          minmay_the_grid_triangle_9x9_prize_special], layout_long_grid

Skill      XL: |  1  2  3  4  5  6  7  8  9 10 11 |
---------------+----------------------------------+-----
Stealth        | 1 2 3 |  3.0
Fighting       | 4 5 6 7 9 10 | 10.4
Axes           | 3 4 5 6 7 8 9 |  9.1
Throwing       | 2 3 4 6 |  6.0
Invocations    | 2 5 |  5.0
Armour         | 4 5 6 |  6.0
Shields        | 5 8 10 | 10.0
Evocations     | 1 3 |  3.5

Action                     |  1- 3 |  4- 6 |  7- 9 | 10-12 || total
---------------------------+-------+-------+-------+-------++-------
  Melee: War axe           |   106 |   168 |   320 |    47 ||   641
         Battleaxe         |       |       |       |   193 ||   193
         Broad axe         |       |       |       |    22 ||    22
  Throw: Dart              |       |     2 |     2 |     5 ||     9
         Boomerang         |       |       |     8 |    10 ||    18
Ability: Dig               |       |       |     1 |       ||     1
  Evoke: Wand              |       |       |     4 |     8 ||    12
    Use: Scroll            |       |     5 |     1 |     5 ||    11
         Potion            |       |       |     1 |     1 ||     2
   Stab: Sleeping          |       |       |     2 |       ||     2
         Distracted        |       |       |     2 |     1 ||     3
 Armour: Scale mail        |    73 |    76 |       |       ||   149
         Chain mail        |       |    28 |       |       ||    28
         Ring mail         |       |     2 |   312 |   244 ||   558
  Dodge: Dodged            |    60 |    66 |   193 |   143 ||   462
  Block: Buckler           |    28 |    43 |    90 |    80 ||   241
